 Dungeon Crawl Stone Soup version 0.31.0-32-g396128a36d (webtiles) character file.

Game seed: 1369642148464158655

2 KennySheep the Sneak (level 1, 0/13 HPs)
             Began as a Deep Elf Delver on Apr 9, 2024.
             Slain by a ribbon worm (5 damage)
             ... on level 2 of the Dungeon.
             The game lasted 00:02:11 (204 turns).

KennySheep the Sneak (Deep Elf Delver)               Turns: 204, Time: 00:02:11

Health: 0/13       AC:  3    Str:  9    XL:     1   Next: 25%
Magic:  12/12      EV: 12    Int: 14    God:
Gold:   26         SH:  0    Dex: 16    Spells: 0/0 levels left

rFire   . . .        a - +0 short sword
rCold   . . .        (no shield)
rNeg    . . .        b - +0 leather armour
rPois   .            (no helmet)
rElec   .            (no cloak)
rCorr   .            (no gloves)
SInv    .            (no boots)
Will    .....        (no amulet)
Stlth   +++          i - ring of magical power
HPRegen 0.22/turn    (no ring)
MPRegen 0.13/turn

%: no passive effects
@: no status effects
A: no striking features
a: no special abilities


You were on level 2 of the Dungeon.
You visited 1 branch of the dungeon, and saw 4 of its levels.

You collected 26 gold pieces.

Inventory:

Hand Weapons
 a - a +0 short sword (weapon)
Armour
 b - a +0 leather armour (worn)
Jewellery
 i - a ring of magical power (left hand)
Wands
 g - a wand of digging (3)
Scrolls
 c - a scroll of fog
 d - a scroll of revelation
 e - a scroll of fear
 h - a scroll of identify {unknown}
Potions
 f - a potion of haste


   Skills:
 - Level 2.4 Fighting
 - Level 2.0 Short Blades
 * Level 0.4 Ranged Weapons
 + Level 2.4 Dodging
 + Level 6.0 Stealth
 + Level 0.2 Spellcasting


You couldn't memorise any spells.
You didn't know any spells.
Your spell library was empty.

Dungeon Overview and Level Annotations

Branches:
Dungeon (5/15)
 Temple: D:4-7

Altars:


Message History

You climb upwards.
There is a stone staircase leading down here.
Found a whip.
Found a stone staircase leading up.
There is a stone staircase leading up here.
You climb upwards.
Found a buckler.
There is a stone staircase leading down here.
You see here a +0 buckler.
Found 10 gold pieces.
You now have 26 gold pieces (gained 10).
An endoplasm comes into view.
Found 12 gold pieces.
There is a stone staircase leading down here.
Found an escape hatch in the floor.
A hobgoblin comes into view.
Found 11 gold pieces.
The hobgoblin shouts!
You don't know any spells.
Unknown command.
You barely miss the hobgoblin. The hobgoblin barely misses you.
A ribbon worm comes into view.
You hit the hobgoblin.
The hobgoblin is severely wounded.
The hobgoblin hits you.
You hit the hobgoblin.
You kill the hobgoblin!
You hit the frilled lizard.
You kill the frilled lizard!
Found a short lead wand.
The ribbon worm expels a string of sticky webbing.
The stream of webbing hits you but does no damage.
You are caught in a web!
There is a web here.
The web tears apart.
The ribbon worm bites you.
You hit the ribbon worm.
The ribbon worm is lightly wounded.
The ribbon worm bites you.
You die...

###########
.#./.......#
...........#
#.........#
#.........#
#.........#
#.........#
#....w@...##
#.........># ..#
####.......## #..#
... #........###..#
... #.........##..#
...
#.......#..#..###...
#......$##.#..##l...
#.......##..........
###########.#.#..###


You could see a ribbon worm (catching breath).

Vanquished Creatures
  A hobgoblin (D:2)
  A frilled lizard (D:2)
2 creatures vanquished.

Notes
Turn   | Place    | Note
-------+----------+-------------------------------------------
     0 | D:5      | KennySheep the Deep Elf Delver began the quest for the Orb.
     0 | D:5      | Reached XP level 1. HP: 13/13 MP: 3/3
   110 | D:5      | Noticed a water moccasin
   204 | D:2      | Slain by a ribbon worm

Illustrated notes

Levels and vault maps discovered:
D:2:      layout_basic, serial_shops, nicolae_shop_trees, shop,
          nicolae_shop_temple_entry_statues_fountains, nicolae_shop_trees
D:3:      layout_loops_ring, old_standard_altar, uniq_crazy_yiuf_cottage,
          uniq_grinder
D:4:      layout_cave_pools, mainiacjoe_overflow_alcove_4,
          mainiacjoe_overflow_paths, gammafunk_temple_overflow_forgotten,
          minmay_crystal_room, kennysheep_donut,
          serial_library_hellmonk_statue_hall, chequers_serial_rivers_marsh,
          serial_library_regret_index_split_case, chequers_avenue,
          uniq_eustachio, uniq_blork_the_orc
D:5:      layout_basic, minmay_temple_entry_tees, uniq_duvessa

Action                     || total
---------------------------++-------
  Melee: Short sword       ||     5
 Armour: Leather armour    ||     3
  Dodge: Dodged            ||     1
